 Dungeon Crawl Stone Soup version 0.30-a0-782-ge64f9170bb (webtiles) character file.

Game seed: 3652203950109856047

12719 Dirtsage the Cleaver (level 11, 0/87 HPs)
             Began as a Demonspawn Fighter on Mar 8, 2023.
             Was an Initiate of Gozag.
             Slain by an eight-headed hydra (2 damage)
             ... on level 1 of the Lair of Beasts.
             The game lasted 00:24:13 (8536 turns).

Dirtsage the Cleaver (Demonspawn Fighter)           Turns: 8536, Time: 00:24:13

Health: 0/87       AC: 16    Str: 26    XL:     11   Next: 66%
Magic:  11/11      EV:  8    Int:  9    God:    Gozag
Gold:   1478       SH: 13    Dex: 20    Spells: 10/10 levels left

rFire   + . .      SeeInvis .    b - +0 flail
rCold   . . .      Faith    .    c - +1 buckler
rNeg    . . .      Spirit   .    R - +0 chain mail {rF+}
rPois   .          Reflect  +    (helmet restricted)
rElec   .          Harm     .    h - +2 cloak
rCorr   .          Rampage  .    z - +2 pair of gloves
Will    .....                    (no boots) Stlth
                                 P - amulet of reflection
HPRegen 0.34/turn                f - +6 ring of strength
MPRegen 0.12/turn                k - ring "Cityig" {Fly Dex+6 Slay+3}

@: mighty, gold aura, flying
A: horns 1, foul stench 1, powered by death 2, sharp scales 1
a: Renounce Religion, Potion Petition, Call Merchant, Bribe Branch


You were on level 1 of the Lair of Beasts.
You worshipped Gozag.
Gozag was most pleased with you.
You visited 3 branches of the dungeon, and saw 12 of its levels.
You also visited: Ossuary.

You collected 1726 gold pieces.
You spent 132 gold pieces at shops.
You paid 116 gold pieces to Gozag.

Inventory:

Hand Weapons
 a - a +0 war axe of venom
 b - a +0 flail (weapon)
Missiles
 s - 3 curare-tipped darts (quivered)
 M - 6 throwing nets
Armour
 c - a +1 buckler (worn)
 h - a +2 cloak (worn)
 z - a +2 pair of gloves (worn)
 R - a +0 chain mail of fire resistance (worn)
Jewellery
 f - a +6 ring of strength (left hand)
 k - the ring "Cityig" (right hand) {Fly Dex+6 Slay+3}
   (You found it on level 2 of the Dungeon)

   [ring of dexterity]

   Dex:       It affects your dexterity (+6).
   Slay:      It affects your accuracy & damage with ranged weapons and melee
   (+3).
   Fly:       It grants you flight.
 w - a ring of willpower
 F - a ring of protection from fire
 I - a ring of protection from cold
 P - an amulet of reflection (around neck)
 T - a ring of ice
Wands
 C - a wand of paralysis (8)
Scrolls
 e - 3 scrolls of poison
 g - a scroll of fear
 j - 5 scrolls of vulnerability
 m - 4 scrolls of amnesia
 r - 5 scrolls of fog
 t - 8 scrolls of teleportation
 u - 2 scrolls of enchant weapon
 x - a scroll of enchant armour
 B - 2 scrolls of blinking
 D - a scroll of magic mapping
 E - a scroll of torment {unknown}
 H - a scroll of brand weapon
 J - 5 scrolls of butterflies
 N - 2 scrolls of immolation
Potions
 d - 4 potions of might
 i - a potion of magic {unknown}
 l - 3 potions of heal wounds
 n - 3 potions of resistance
 o - 3 potions of attraction {unknown}
 p - a potion of degeneration {unknown}
 q - 5 potions of curing
 v - a potion of flight {unknown}
 y - 3 potions of invisibility {unknown}
 A - 2 potions of mutation
 G - a potion of ambrosia {unknown}
 K - a potion of brilliance {unknown}
 L - a potion of lignification {unknown}
 O - 2 potions of haste {unknown}
 Q - 2 potions of cancellation {unknown}
 S - a potion of experience {unknown}


   Skills:
 + Level 8.7 Fighting
 * Level 13.8 Axes
 - Level 2.6 Armour
 + Level 7.9 Shields


You had 10 spell levels left.
You didn't know any spells.
Your spell library contained the following spells:

 Spells                   Type           Power      Damage    Failure   Level
 Magic Dart               Conj           0%         1d3       98%         1
 Shock                    Conj/Air       0%         1d3       98%         1
 Call Imp                 Summ           0%         N/A       99%         2
 Call Canine Familiar     Summ           0%         N/A       100%        3
 Mephitic Cloud           Conj/Pois/Air  0%         N/A       100%        3
 Portal Projectile        Hex/Tloc       0%         N/A       100%        3
 Swiftness                Air            0%         N/A       100%        3
 Airstrike                Air            0%         2d(0-16)  100%        4
 Leda's Liquefaction      Hex/Erth       0%         N/A       100%        4


Dungeon Overview and Level Annotations

Branches:
Dungeon (10/15)            Temple (1/1) D:7            Lair (1/5) D:8
Ossuary (visited)
    Orc: D:9-12

Altars:
Ashenzari
Cheibriados
Dithmenos
Fedhas
Gozag
Kikubaaqudgha
Nemelex Xobeh
Okawaru
Ru
Sif Muna
Trog
Vehumet
Wu Jian
Xom
Yredelemnul

Shops:
D:1 [[   D:7 *


Innate Abilities, Weirdness & Mutations

You have a pair of small horns on your head.
You may rarely emit foul miasma when damaged in melee.
You regenerate health from kills.
You are partially covered in razor-sharp scales. (AC +1, Slay +1)


Message History

The eight-headed hydra bites you but does no damage.
The eight-headed hydra bites you.
You take 9 damage, and have 70/87 hp.
You hit the eight-headed hydra.
Your headbutt misses the eight-headed hydra.
The eight-headed hydra is lightly wounded.
The spriggan hits the bush with a +0 short sword.
The eight-headed hydra bites you.
You block the eight-headed hydra's attack.
The eight-headed hydra bites you but does no damage.
The eight-headed hydra closely misses you.
The eight-headed hydra bites you. x2; You emit a cloud of foul miasma!
The eight-headed hydra bites you!
You block the eight-headed hydra's attack.
You take 27 damage, and have 43/87 hp.
MASSIVE DAMAGE!!
You hit the eight-headed hydra.
The eight-headed hydra is moderately wounded.
The spriggan hits the bush with a +0 short sword.
The eight-headed hydra is engulfed in dark miasma.
The eight-headed hydra bites you but does no damage.
The eight-headed hydra bites you! x2
* * * LOW HITPOINT WARNING * * *
You block the eight-headed hydra's attack.
The eight-headed hydra bites you but does no damage.
The eight-headed hydra bites you!
* * * LOW HITPOINT WARNING * * *
The eight-headed hydra bites you!
* * * LOW HITPOINT WARNING * * *
You block the eight-headed hydra's attack.
You take 42 damage, and have 1/87 hp.
MASSIVE DAMAGE!!
You bludgeon the eight-headed hydra!! You headbutt the eight-headed hydra!
The eight-headed hydra is severely wounded.
The spriggan hits the bush with a +0 short sword.
The eight-headed hydra is engulfed in dark miasma.
The eight-headed hydra is poisoned.
The eight-headed hydra barely misses you.
You block the eight-headed hydra's attack.
The eight-headed hydra bites you.
You die...
Your body crumbles into a pile of gold.

.....#♣...P....P......P.##..##...
....#.♣................P##..##..#
........P...#####.P......#..##.<#
............#!. #P..........##..#
............#.D #..P........##..#
.......P.P..#.. #............#..#
##....P....P##i##..P........##..#
##...♣......PPPD....P.♣♣##..##..#
##.........P....@.....♣.##..#...#
##..>.............P.....##..##..#
##.........P.........♣..P#..##...
P#......♣♣.........♣♣...##..##..#
##........♣♣.....♣..♣#..#...#....
P#........#.♣...♣..###..##...#...
P#........###...#..###..##......#
##........##...##...##...#..#...#
##........##...#...###..##...#..#


You could see an eight-headed hydra (poisoned) and a spriggan.

Vanquished Creatures
  An elephant (Lair:1)
  A black mamba (Lair:1)
  2 komodo dragons (Lair:1)
  The ghost of bmj180 the Digger, a novice GrEE (D:6)
  A queen bee (D:8)
  2 trolls (D:10)
  Prince Ribbit (D:8)
  Sigmund (D:2)
  A shadow (D:10)
  2 wraiths
  32 yaks
  3 water moccasins
  2 ice beasts (D:5)
  3 orc warriors
  3 black bears
  2 ogres
  5 wolves (Lair:1)
  A centaur (D:8)
  3 phantoms
  5 kobold brigands
  5 bullfrogs
  A necrophage (D:6)
  A gnoll sergeant (D:7)
  5 scorpions
  9 wights
  17 killer bees
  2 howler monkeys
  2 jellies
  2 orc priests (D:9)
  A gnoll bouda (D:7)
  6 hounds
  Terence (D:3)
  3 iguanas
  5 orc wizards
  4 mummies
  Robin (D:3)
  18 gnolls
  12 adders
  3 ufetubi
  2 worms
  A dart slug (D:2)
  24 orcs
  9 ball pythons
  5 bats
  8 endoplasms
  4 giant cockroaches (D:1)
  14 goblins
  10 hobgoblins
  7 jackals
  19 kobolds
  2 quokkas (D:1)
  3 frilled lizards
  A goblin zombie (Ossuary)
  5 hobgoblin zombies (Ossuary)
  3 kobold zombies (Ossuary)
  An orc zombie (Ossuary)
  7 rats
295 creatures vanquished.

Vanquished Creatures (others)
  3 fungi (D:8)
  7 plants
10 creatures vanquished.

Grand Total: 305 creatures vanquished

Notes
Turn   | Place    | Note
-------+----------+-------------------------------------------
     0 | D:1      | Dirtsage the Demonspawn Fighter began the quest for the
                  | Orb.
     0 | D:1      | Reached XP level 1. HP: 18/18 MP: 1/1
    34 | D:1      | Reached skill level 2 in Axes
    62 | D:1      | Found Arrih's Armour Boutique.
    81 | D:1      | Found Ceocahidd's Armour Boutique.
   112 | D:1      | Gained mutation: You have a pair of small horns on your
                  | head. [demonic ancestry]
   112 | D:1      | Reached XP level 2. HP: 24/24 MP: 2/2
   338 | D:1      | Reached skill level 3 in Axes
   367 | D:1      | Gained mutation: You may rarely emit foul miasma when
                  | damaged in melee. [demonic ancestry]
   367 | D:1      | Reached XP level 3. HP: 28/29 MP: 3/3
   555 | D:2      | Found a faded altar of an unknown god.
   619 | D:2      | Identified the ring "Cityig" {Fly Dex+6 Slay+3}
  1058 | D:2      | Gained mutation: You regenerate a little health from kills.
                  | [demonic ancestry]
  1058 | D:2      | Reached XP level 4. HP: 35/35 MP: 4/4
  1142 | D:2      | Reached skill level 4 in Axes
  1153 | D:2      | Noticed Sigmund
  1492 | D:3      | Noticed Robin
  1503 | D:3      | Gained mutation: You regenerate health from kills. [demonic
                  | ancestry]
  1503 | D:3      | Reached XP level 5. HP: 41/41 MP: 5/5
  1507 | D:3      | Killed Robin
  1566 | D:3      | Reached skill level 5 in Axes
  1682 | D:3      | Noticed Terence
  1693 | D:3      | Killed Terence
  1858 | D:2      | Killed Sigmund
  1859 | D:2      | Reached skill level 6 in Axes
  1859 | D:2      | Gained mutation: You are partially covered in razor-sharp
                  | scales. (AC +1, Slay +1) [demonic ancestry]
  1859 | D:2      | Reached XP level 6. HP: 47/47 MP: 6/6
  2119 | D:4      | Found a broken altar of Ashenzari.
  2359 | D:4      | You are sucked into a shaft and drop 2 floors!
  2415 | D:6      | Reached skill level 7 in Axes
  2415 | D:6      | Reached XP level 7. HP: 52/52 MP: 7/7
  2447 | D:5      | Entered Level 5 of the Dungeon
  2493 | D:4      | Rueben: absolute killing machine
  2660 | D:4      | Found an iron altar of Okawaru.
  2714 | D:4      | Found a radiant altar of Vehumet.
  2873 | D:5      | Reached skill level 8 in Axes
  3136 | D:5      | Reached XP level 8. HP: 58/58 MP: 8/8
  3302 | D:5      | Reached skill level 9 in Axes
  3695 | D:6      | Rueben: what is the command to get your explore mode
                  | animated like that? mine just travels instantly and
                  | sometimes it's confusing
  3695 | D:6      | Dirtsage: explore_delay=
  3695 | D:6      | Dirtsage: put it like 50 or something
  3696 | D:6      | Rueben: sick thank you
  3945 | D:6      | Reached skill level 10 in Axes
  4019 | D:6      | Found a runed translucent door.
  4019 | D:6      | Noticed bmj180's ghost (novice GrEE)
  4061 | D:6      | Killed bmj180's ghost
  4062 | D:6      | Reached XP level 9. HP: 56/66 MP: 9/9
  4067 | D:6      | Rueben: wrecked
  4098 | D:6      | Found a sparkling altar of Nemelex Xobeh.
  4352 | D:7      | Dirtsage: yeah
  4609 | D:7      | Found Dedarikk's General Store.
  4618 | D:7      | Bought a potion of heal wounds for 60 gold pieces
  4618 | D:7      | Bought a scroll of butterflies for 48 gold pieces
  4618 | D:7      | Bought a scroll of identify for 24 gold pieces
  4645 | D:7      | Found a staircase to the Ecumenical Temple.
  4652 | Temple   | Entered the Ecumenical Temple
  4761 | Temple   | Became a worshipper of Gozag Ym Sagoz the Greedy
  4843 | D:6      | Reached skill level 5 in Fighting
  4953 | D:7      | Found Fonlo's Armour Shoppe.
  5322 | D:8      | Noticed Prince Ribbit
  5333 | D:8      | Reached skill level 5 in Shields
  5336 | D:8      | Reached skill level 11 in Axes
  5408 | D:8      | Found a staircase to the Lair.
  5453 | D:8      | Found a sand-covered staircase.
  5461 | Ossuary  | Entered an ossuary
  5899 | D:8      | Noticed a queen bee
  5901 | D:8      | Reached XP level 10. HP: 76/76 MP: 10/10
  6191 | D:8      | Found a shimmering blue altar of Sif Muna.
  6276 | D:8      | Killed Prince Ribbit
  6735 | D:9      | Reached skill level 12 in Axes
  6957 | D:9      | Found an ornate altar of the Wu Jian Council.
  7295 | D:10     | Entered Level 10 of the Dungeon
  7303 | D:10     | Found a shadowy altar of Dithmenos.
  7349 | D:10     | Rueben: those yaks have killed me so many times
  7349 | D:10     | Reached XP level 11. HP: 85/85 MP: 11/11
  7475 | D:10     | Reached skill level 13 in Axes
  7490 | D:10     | Found a shimmering altar of Xom.
  7526 | D:10     | Dirtsage: Enough armor and they are harmless
  7830 | Lair:1   | Entered Level 1 of the Lair of Beasts
  8526 | Lair:1   | Noticed an eight-headed hydra
  8527 | Lair:1   | Rueben: i've only just started playing this week, usually
                  | playing a djinn necromancer
  8532 | Lair:1   | Rueben: i havent got down to the orb yet
  8535 | Lair:1   | HP: 1/87 [eight-headed hydra (10)]
  8536 | Lair:1   | Slain by an eight-headed hydra

Illustrated notes

Levels and vault maps discovered:
D:1:      mrwooster_arrival_arrow, layout_rooms, serial_shops, shop, shop
D:2:      layout_basic, shapermc_ecumenical_altar_mp_ritualfount, uniq_sigmund
D:3:      layout_basic, uniq_terence, uniq_robin
D:4:      layout_gridville, nicolae_ashenzari_skybound,
          mainiacjoe_overflow_large_starburst
D:5:      layout_basic, saegor_snake_ambush
D:6:      layout_loops_ring, nemelex_xobeh_ov_fountains_minmay,
          hellmonk_ghost_happy_afterlife
D:7:      layout_cave_pools, minmay_temple_entry_junction, serial_gnoll_camp,
          gnoll_camp_huts_moat, gnoll_camp_mini_shop, gnoll_camp_medium_02,
          gnoll_camp_mini_hut, gnoll_camp_mini_shop
D:8:      layout_cave_pods, mainiacjoe_overflow_brackets,
          grunt_lair_entry_orc_guard_hut, gup_ossuary_entry_pyramid,
          nicolae_looking_at_the_future, uniq_prince_ribbit1
D:9:      layout_loops_ring, nzn_wu_jian_contemplation, kennysheep_path_1,
          skrybe_limestone_x
D:10:     layout_irregular_city, kennysheep_mini,
          nicolae_dithmenos_shadow_blocks, serial_shops, kennysheep_mini_moat
Temple:   dpeg_chambers_temple
Lair:1:   layout_long_grid, eino_small_chamber_without_monster,
          grunt_forest_large_clearing_hut, grunt_megastairs_4

Skill      XL: |  1  2  3  4  5  6  7  8  9 10 11 |
---------------+----------------------------------+-----
Axes           | 2 3 4 6 7 8 10 11 12 13 | 13.8
Shields        | 4 5 6 7 |  7.9
Fighting       | 4 6 7 8 |  8.7
Armour         | |  2.6

Action                     |  1- 3 |  4- 6 |  7- 9 | 10-12 || total
---------------------------+-------+-------+-------+-------++-------
  Melee: War axe           |    88 |    85 |   295 |   262 ||   730
         Headbutt          |     6 |    15 |    58 |    68 ||   147
         Flail             |       |       |       |     8 ||     8
  Evoke: Wand              |       |       |       |     1 ||     1
    Use: Scroll            |       |     5 |     5 |     6 ||    16
         Potion            |       |     1 |       |     2 ||     3
   Stab: Distracted        |       |       |     1 |     1 ||     2
 Armour: Scale mail        |    31 |    18 |       |       ||    49
         Chain mail        |       |     7 |   145 |    88 ||   240
  Dodge: Dodged            |    42 |    21 |    88 |    54 ||   205
  Block: Buckler           |    21 |    20 |    78 |   141 ||   260
         Reflection        |       |       |       |     1 ||     1

Table legend: (Time is in decaauts)
 A = Elapsed time spent in this place.
 B = Non-inter-level travel time spent in this place.
 C = Inter-level travel time spent in this place.
 D = Time resting spent in this place.
 E = Time spent auto-exploring this place.
 F = Levels seen in this place.
 G = Mean time per level.
                   A        B        C        D        E       F      G
               +--------+--------+--------+--------+--------+-----+--------+
         Total |   8584 |   8191 |    393 |     98 |   5977 |  13 |  660.3 |
       Dungeon |   7370 |   6998 |    372 |     98 |   4982 |  10 |  737.0 |
        Temple |    130 |    110 |     20 |      0 |     84 |   1 |  130.0 |
          Lair |    699 |    699 |      0 |      0 |    619 |   1 |  699.0 |
       Ossuary |    383 |    383 |      0 |      0 |    292 |   1 |  383.0 |
               +--------+--------+--------+--------+--------+-----+--------+

Top non-repeatable levels by time:
     D:6: 1016 daAuts
     D:8: 956 daAuts
     D:5: 825 daAuts
     D:9: 824 daAuts
     D:2: 812 daAuts
     D:3: 731 daAuts
  Lair:1: 699 daAuts
     D:4: 655 daAuts
     D:7: 544 daAuts
     D:1: 540 daAuts
    D:10: 467 daAuts
 Ossuary: 383 daAuts
  Temple: 130 daAuts
